3AAA
HAMILTON COYOTES @ BLOOMINGTON LONGNECKS
06/10/2025
 
TOP OF THE 1ST
Hamilton Coyotes batting - Pitching for Bloomington Longnecks : RHP Pedro Lara
Pitching: RHP Pedro Lara
Batting: RHB Noel Wells 0-0: Ball
1-0: Ball
2-0: Ball
3-0: Called Strike
3-1: Foul Ball, location: 2F
3-2: Foul Ball, location: 2F
3-2: Base on Balls
Batting: RHB Jesús Soto 0-0: Ball
1-0: Swinging Strike
1-1: Ball
2-1: Fly out, F8 (Flyball, 89S)
Batting: RHB Paddy Hodnett 0-0: Ball
1-0: Ball
2-0: Foul Ball, location: 2F
2-1: Ball
3-1: Base on Balls
Noel Wells to second
Batting: RHB Jon Erickson 0-0: Called Strike
0-1: SINGLE (Groundball, 6D)
Noel Wells to third
Paddy Hodnett to second
Runner from 3rd tries for Home, SAFE, throw made at trailing runner, OUT at third!
Batting: RHB Dan Bernard 0-0: Ball
1-0: Called Strike
1-1: Ground out 5-3 (Groundball, 56S)
Top of the 1st over - 1 run(s), 1 hit(s), 0 error(s), 1 left on base; Hamilton 1 - Bloomington 0
BOTTOM OF THE 1ST
Bloomington Longnecks batting - Pitching for Hamilton Coyotes : RHP King Fletcher
Pitching: RHP King Fletcher
Batting: LHB John Ennis 0-0: SINGLE (Line Drive, 8LS)
Batting: LHB Gabriel Díaz 0-0: SINGLE (Groundball, 56D)
John Ennis to second
Batting: RHB Darrell Terwey 0-0: Ball
1-0: DOUBLE (Flyball, 8LXD)
John Ennis scores
Gabriel Díaz to third
Runner from 3rd tries for Home, SAFE, throw made home
Batting: LHB Ray Anderson 0-0: Ball
1-0: Ball
2-0: Foul Ball, location: 2F
2-1: Ball
3-1: Base on Balls
Batting: RHB Tripp Donahue 0-0: Fly out, F6 (Line Drive, 6)
Batting: RHB Micheal Murdoch 0-0: Called Strike
0-1: Fly out, F8 (Flyball, 8LD)
Batting: RHB Aurelio Vázquez 0-0: Called Strike
0-1: Fielders Choice at 2nd, 5-4 (Groundball, 56)
Bottom of the 1st over - 2 run(s), 3 hit(s), 0 error(s), 1 left on base; Hamilton 1 - Bloomington 2
TOP OF THE 2ND
Hamilton Coyotes batting - Pitching for Bloomington Longnecks : RHP Pedro Lara
Batting: RHB Héctor Rojas 0-0: Called Strike
0-1: Foul Ball, location: 2F
0-2: Strikes out swinging
Batting: RHB Henry Mann 0-0: Swinging Strike
0-1: Ball
1-1: Fly out, F8 (Flyball, 8LD)
Batting: RHB Sam Horton 0-0: Ground out 6-3 (Groundball, 6)
Top of the 2nd over - 0 run(s), 0 hit(s), 0 error(s), 0 left on base; Hamilton 1 - Bloomington 2
BOTTOM OF THE 2ND
Bloomington Longnecks batting - Pitching for Hamilton Coyotes : RHP King Fletcher
Batting: RHB Raúl Delgado 0-0: Foul Ball, location: 2F
0-1: Foul Ball, location: 2F
0-2: Ball
1-2: Foul Ball, location: 2F
1-2: Ground out 4-3 (Groundball, 4M)
Batting: RHB Grady Walkinshaw 0-0: Foul Ball, location: 2F
0-1: Called Strike
0-2: SINGLE (Flyball, 7S)
Batting: LHB John Ennis 0-0: Ball
Wild Pitch!
Grady Walkinshaw to second
1-0: SINGLE (Line Drive, 34D)
Grady Walkinshaw to third
Runner from 3rd tries for Home, SAFE, throw made home
John Ennis to second
Batting: LHB Gabriel Díaz 0-0: Fly out, F6 (Popup, 6D)
Batting: RHB Darrell Terwey 0-0: Called Strike
0-1: Ball
1-1: TRIPLE (Flyball, 89XD)
John Ennis scores
Batting: LHB Ray Anderson 0-0: Swinging Strike
0-1: Ball
1-1: Ball
2-1: Foul Ball, location: 2F
2-2: Fly out, F4 (Line Drive, 4)
Bottom of the 2nd over - 2 run(s), 3 hit(s), 0 error(s), 1 left on base; Hamilton 1 - Bloomington 4
TOP OF THE 3RD
Hamilton Coyotes batting - Pitching for Bloomington Longnecks : RHP Pedro Lara
Batting: RHB Anthony Trujillo 0-0: Ground out 5-3 (Groundball, 5)
Batting: RHB Noel Wells 0-0: Ball
1-0: Called Strike
1-1: Ball
2-1: Foul Ball, location: 2F
2-2: Ball
3-2: Fly out, F9 (Line Drive, 9)
Batting: RHB Jesús Soto 0-0: Ball
1-0: Ball
2-0: Called Strike
2-1: Foul Ball, location: 2F
2-2: Fly out, F4 (Popup, 34D)
Top of the 3rd over - 0 run(s), 0 hit(s), 0 error(s), 0 left on base; Hamilton 1 - Bloomington 4
BOTTOM OF THE 3RD
Bloomington Longnecks batting - Pitching for Hamilton Coyotes : RHP King Fletcher
Batting: RHB Tripp Donahue 0-0: Ball
1-0: Ball
2-0: Ball
3-0: Called Strike
3-1: SINGLE (Groundball, 34S) (infield hit)
Batting: RHB Micheal Murdoch 0-0: Grounds into double play, 6-4-3 (Groundball, 6)
Batting: RHB Aurelio Vázquez 0-0: Ball
1-0: Called Strike
1-1: Fly out, F8 (Flyball, 8RD)
Bottom of the 3rd over - 0 run(s), 1 hit(s), 0 error(s), 0 left on base; Hamilton 1 - Bloomington 4
TOP OF THE 4TH
Hamilton Coyotes batting - Pitching for Bloomington Longnecks : RHP Pedro Lara
Batting: RHB Paddy Hodnett 0-0: Called Strike
0-1: Swinging Strike
0-2: Ball
1-2: Foul Ball, location: 2F
1-2: Ground out 5-3 (Groundball, 5)
Batting: RHB Jon Erickson 0-0: Ball
1-0: Ball
2-0: Foul Ball, location: 2F
2-1: Called Strike
2-2: SINGLE (Groundball, 6MD)
Batting: RHB Dan Bernard 0-0: Called Strike
0-1: Foul Ball, location: 2F
0-2: Ground out 5-3 (Groundball, 56S)
Jon Erickson to second
Batting: RHB Héctor Rojas 0-0: Called Strike
0-1: Called Strike
0-2: Ball
1-2: Ground out 5-3 (Groundball, 56)
Top of the 4th over - 0 run(s), 1 hit(s), 0 error(s), 1 left on base; Hamilton 1 - Bloomington 4
BOTTOM OF THE 4TH
Bloomington Longnecks batting - Pitching for Hamilton Coyotes : RHP King Fletcher
Batting: RHB Raúl Delgado 0-0: Ball
1-0: Foul Ball, location: 2F
1-1: Swinging Strike
1-2: Strikes out swinging
Batting: RHB Grady Walkinshaw 0-0: Called Strike
0-1: Ball
1-1: Foul Ball, location: 2F
1-2: Ball
2-2: SOLO HOME RUN (Flyball, 7LD), Distance : 351 ft
Batting: LHB John Ennis 0-0: Ball
1-0: Ball
2-0: Ball
3-0: Base on Balls
Batting: LHB Gabriel Díaz 0-0: Called Strike
0-1: Ball
1-1: Swinging Strike
1-2: Foul Ball, location: 2F
1-2: Foul Ball, location: 2F
1-2: SINGLE (Line Drive, 6M)
John Ennis to second
Batting: RHB Darrell Terwey 0-0: Swinging Strike
0-1: Fly out, F8 (Flyball, 8RM)
Batting: LHB Ray Anderson 0-0: Ball
1-0: Ball
2-0: Ball
3-0: Base on Balls
John Ennis to third
Gabriel Díaz to second
Pitching: LHP Martin Bennett
Batting: RHB Tripp Donahue 0-0: Ball
1-0: Ball
2-0: Foul Ball, location: 2F
2-1: Foul Ball, location: 2F
2-2: Strikes out looking
Bottom of the 4th over - 1 run(s), 2 hit(s), 0 error(s), 3 left on base; Hamilton 1 - Bloomington 5
TOP OF THE 5TH
Hamilton Coyotes batting - Pitching for Bloomington Longnecks : RHP Pedro Lara
Batting: RHB Henry Mann 0-0: Ball
1-0: Swinging Strike
1-1: Ground out 5-3 (Groundball, 56S)
Batting: RHB Sam Horton 0-0: Called Strike
0-1: Called Strike
0-2: Ball
1-2: Ball
2-2: Ball
3-2: SINGLE (Groundball, 2R) (infield hit)
Batting: RHB Anthony Trujillo 0-0: Swinging Strike
0-1: Called Strike
0-2: Strikes out swinging
Batting: RHB Noel Wells 0-0: Ball
Sam Horton steals 2nd base
1-0: Ball
2-0: Called Strike
2-1: Ball
3-1: Base on Balls
Batting: RHB Jesús Soto 0-0: Ball
1-0: Called Strike
1-1: Called Strike
1-2: Strikes out swinging
Top of the 5th over - 0 run(s), 1 hit(s), 0 error(s), 2 left on base; Hamilton 1 - Bloomington 5
BOTTOM OF THE 5TH
Bloomington Longnecks batting - Pitching for Hamilton Coyotes : LHP Martin Bennett
Batting: RHB Micheal Murdoch 0-0: Swinging Strike
0-1: Foul Ball, location: 2F
0-2: Ball
1-2: Foul Ball, location: 2F
1-2: Ball
2-2: Foul Ball, location: 2F
2-2: Ball
3-2: Base on Balls
Batting: RHB Aurelio Vázquez 0-0: Ball
1-0: Swinging Strike
1-1: Swinging Strike
1-2: Ball
2-2: SINGLE (Line Drive, 89S)
Micheal Murdoch to second
Batting: RHB Raúl Delgado 0-0: Bunted foul
0-1: Sac Bunt - play at first, batter OUT! 1-4
Micheal Murdoch to third
Aurelio Vázquez to second
Batting: RHB Grady Walkinshaw 0-0: Intentional Walk
Batting: LHB John Ennis 0-0: Foul Ball, location: 2F
0-1: Called Strike
0-2: Strikes out swinging
Batting: LHB Gabriel Díaz 0-0: Swinging Strike
0-1: Ball
1-1: Ball
2-1: SINGLE (Line Drive, 4)
Micheal Murdoch scores
Aurelio Vázquez to third
Grady Walkinshaw to second
Runner from 3rd tries for Home, SAFE, no throw
Batting: RHB Darrell Terwey 0-0: Ball
1-0: Called Strike
1-1: Ball
2-1: Ball
3-1: Foul Ball, location: 2F
3-2: Fly out, F6 (Popup, 6MD)
Bottom of the 5th over - 2 run(s), 2 hit(s), 0 error(s), 2 left on base; Hamilton 1 - Bloomington 7
TOP OF THE 6TH
Hamilton Coyotes batting - Pitching for Bloomington Longnecks : RHP Pedro Lara
Batting: RHB Paddy Hodnett 0-0: Called Strike
0-1: Swinging Strike
0-2: Ground out 4-3 (Groundball, 4)
Batting: RHB Jon Erickson 0-0: Called Strike
0-1: Ball
1-1: Fly out, F8 (Flyball, 8RM)
Batting: RHB Dan Bernard 0-0: Ball
1-0: Foul Ball, location: 2F
1-1: DOUBLE (Line Drive, 78D)
Batting: RHB Héctor Rojas 0-0: Foul Ball, location: 2F
0-1: Fly out, F2 (Popup, 23)
Top of the 6th over - 0 run(s), 1 hit(s), 0 error(s), 1 left on base; Hamilton 1 - Bloomington 7
BOTTOM OF THE 6TH
Bloomington Longnecks batting - Pitching for Hamilton Coyotes : LHP Martin Bennett
Batting: LHB Ray Anderson 0-0: Called Strike
0-1: Ball
1-1: Ball
2-1: Foul Ball, location: 2F
2-2: Ball
3-2: Foul Ball, location: 2F
3-2: Foul Ball, location: 2F
3-2: Strikes out swinging
Batting: RHB Tripp Donahue 0-0: Ball
1-0: Ball
2-0: SINGLE (Flyball, 9LS)
Batting: RHB Micheal Murdoch 0-0: Ball
1-0: Ball
2-0: 2-RUN HOME RUN (Flyball, 89XD), Distance : 384 ft
Pitching: RHP Jim Unknown
Batting: RHB Aurelio Vázquez 0-0: Called Strike
0-1: Ball
1-1: Ball
2-1: Swinging Strike
2-2: Strikes out swinging
Batting: RHB Raúl Delgado 0-0: Called Strike
0-1: Ball
1-1: Foul Ball, location: 2F
1-2: Fly out, F7 (Flyball, 7LDF)
Bottom of the 6th over - 2 run(s), 2 hit(s), 0 error(s), 0 left on base; Hamilton 1 - Bloomington 9
TOP OF THE 7TH
Hamilton Coyotes batting - Pitching for Bloomington Longnecks : RHP Pedro Lara
Batting: RHB Henry Mann 0-0: Called Strike
0-1: Ball
1-1: Ground out 1-3 (Groundball, 15S)
Batting: RHB Sam Horton 0-0: Ball
1-0: Ball
2-0: Ground out 5-3 (Groundball, 5L)
Batting: RHB Anthony Trujillo 0-0: Called Strike
0-1: Foul Ball, location: 2F
0-2: Ball
1-2: Strikes out swinging
Top of the 7th over - 0 run(s), 0 hit(s), 0 error(s), 0 left on base; Hamilton 1 - Bloomington 9
BOTTOM OF THE 7TH
Bloomington Longnecks batting - Pitching for Hamilton Coyotes : RHP Jim Unknown
Batting: RHB Grady Walkinshaw 0-0: Ball
1-0: Foul Ball, location: 2F
1-1: Ball
2-1: Ball
3-1: Called Strike
3-2: Base on Balls
Batting: LHB John Ennis 0-0: Fly out, F7 (Line Drive, 78M)
Batting: LHB Gabriel Díaz 0-0: Called Strike
0-1: Foul Ball, location: 2F
0-2: Ball
1-2: Ball
2-2: Ball
3-2: Strikes out looking
Batting: RHB Darrell Terwey 0-0: Ball
1-0: Ball
2-0: Foul Ball, location: 2F
2-1: SINGLE (Groundball, 6D)
Grady Walkinshaw to second
Batting: LHB Ray Anderson 0-0: Ball
1-0: Foul Ball, location: 2F
1-1: Ball
2-1: SINGLE (Groundball, 34D)
Grady Walkinshaw to third
Darrell Terwey to second
Runner from 3rd tries for Home, SAFE, throw made home
Darrell Terwey to third
Ray Anderson to second
Batting: RHB Tripp Donahue 0-0: Ball
1-0: Ground out 5-3 (Groundball, 5L)
Bottom of the 7th over - 1 run(s), 2 hit(s), 0 error(s), 2 left on base; Hamilton 1 - Bloomington 10
TOP OF THE 8TH
Hamilton Coyotes batting - Pitching for Bloomington Longnecks : RHP Pedro Lara
Batting: RHB Noel Wells 0-0: Ball
1-0: Ball
2-0: Called Strike
2-1: Foul Ball, location: 2F
2-2: SINGLE (Groundball, 56D)
Batting: RHB Jesús Soto 0-0: Foul Ball, location: 2F
0-1: Foul Ball, location: 2F
0-2: Ball
1-2: Ball
2-2: Ball
3-2: Base on Balls
Noel Wells to second
Batting: RHB Paddy Hodnett 0-0: Ball
1-0: Ball
2-0: Fly out, F8 (Flyball, 8LS)
Batting: RHB Jon Erickson 0-0: Ball
1-0: Called Strike
1-1: Swinging Strike
1-2: Ball
2-2: SINGLE (Groundball, 6MD)
Noel Wells to third
Jesús Soto to second
Runner from 3rd tries for Home, SAFE, throw made home
Pitching: LHP Jim Unknown
Batting: RHB Dan Bernard 0-0: Ball
1-0: Foul Ball, location: 2F
1-1: Ball
2-1: Foul Ball, location: 2F
2-2: Ball
3-2: SINGLE (Flyball, 8RS)
Jesús Soto to third
Jon Erickson to second
Batting: RHB Héctor Rojas 0-0: Called Strike
0-1: Foul Ball, location: 2F
0-2: Grounds into double play, 6-4-3 (Groundball, 6)
Top of the 8th over - 1 run(s), 3 hit(s), 0 error(s), 2 left on base; Hamilton 2 - Bloomington 10
BOTTOM OF THE 8TH
Bloomington Longnecks batting - Pitching for Hamilton Coyotes : RHP Jim Unknown
Batting: RHB Micheal Murdoch 0-0: Swinging Strike
0-1: Ball
1-1: Foul Ball, location: 2F
1-2: Strikes out swinging
Batting: RHB Aurelio Vázquez 0-0: Ground out 5-3 (Groundball, 56S)
Batting: RHB Raúl Delgado 0-0: Ball
1-0: Called Strike
1-1: Ball
2-1: Swinging Strike
2-2: Ball
3-2: Ground out 4-3 (Groundball, 4S)
Bottom of the 8th over - 0 run(s), 0 hit(s), 0 error(s), 0 left on base; Hamilton 2 - Bloomington 10
TOP OF THE 9TH
Hamilton Coyotes batting - Pitching for Bloomington Longnecks : LHP Jim Unknown
Batting: RHB Henry Mann 0-0: Ground out 6-3 (Groundball, 6)
Pinch Hitting: RHB Francisco Morales 0-0: Called Strike
0-1: Ball
1-1: SINGLE (Groundball, 56D)
Batting: RHB Anthony Trujillo 0-0: Called Strike
0-1: Fly out, F8 (Flyball, 8RM)
Batting: RHB Noel Wells 0-0: Ball
1-0: Ball
2-0: Ball
3-0: Base on Balls
Francisco Morales to second
Batting: RHB Jesús Soto 0-0: SINGLE (Groundball, 4MD)
Francisco Morales to third
Noel Wells to second
Runner from 3rd tries for Home, SAFE, no throw
Batting: RHB Paddy Hodnett 0-0: Ball
1-0: SINGLE (Groundball, 6MD)
Noel Wells to third
Jesús Soto to second
Runner from 3rd tries for Home, SAFE, no throw
Batting: RHB Jon Erickson 0-0: Ball
1-0: Called Strike
1-1: Swinging Strike
1-2: Strikes out swinging, 2-3 out at first.
Top of the 9th over - 2 run(s), 3 hit(s), 0 error(s), 2 left on base; Hamilton 4 - Bloomington 10
Friday, December 30th, 2016 - OOTP Baseball 17.12 Build 75